 Dungeon Crawl Stone Soup version 0.25.1-2-g60ff931df9 (webtiles) character file.

Game seed: 9617735201577192133

508 DogServant the Changer (level 7, -1/52 HPs)
             Began as a Merfolk Transmuter on Oct 22, 2020.
             Slain by an adder (5 damage)
             ... on level 5 of the Dungeon.
             The game lasted 00:07:10 (4413 turns).

DogServant the Changer (Merfolk Transmuter)         Turns: 4413, Time: 00:07:10

Health: -1/52      AC:  5    Str: 18    XL:     7   Next: 18%
Magic:  10/10      EV: 13    Int: 12    God:
Gold:   241        SH:  0    Dex: 15    Spells: 1/10 levels left

rFire    . . .     SeeInvis .     - Unarmed
rCold    . . .     Gourm    .   (no shield)
rNeg     . . .     Faith    .   b - +0 robe
rPois    .         Spirit   .   h - +2 hat
rElec    .         Reflect  .   z - scarf {+Inv}
rCorr    .         Harm     .   (no gloves)
MR       +....                  q - +0 pair of boots
Stlth    +.........             v - amulet of magic regeneration
HPRegen  0.17/turn              k - +6 ring of strength
MPRegen  0.37/turn              s - ring of protection from magic

@: appendage
A: change form in water, swift swim, stealthy swim, horns 2
a: End Transformation, Evoke Invisibility


You were on level 5 of the Dungeon.
You were not hungry.
You had grown temporary horns.
You visited 1 branch of the dungeon, and saw 5 of its levels.

You collected 241 gold pieces.

Inventory:

Missiles
 a - 27 arrows
 m - 9 javelins (quivered)
Armour
 b - a +0 robe (worn)
 h - a +2 hat (worn)
 q - a +0 pair of boots (worn)
 z - a scarf of invisibility (worn)
Jewellery
 k - a +6 ring of strength (left hand)
 p - an uncursed ring of protection from fire
 r - an uncursed ring of protection from cold
 s - a ring of protection from magic (right hand)
 v - an amulet of magic regeneration (around neck)
Scrolls
 g - 3 scrolls of teleportation
 j - 3 scrolls of remove curse {unknown}
 o - a scroll of immolation {unknown}
 t - a scroll of enchant armour {unknown}
 u - a scroll of noise {unknown}
 w - a scroll of magic mapping {unknown}
 x - 3 scrolls of random uselessness {unknown}
 y - a scroll of amnesia {unknown}
Potions
 c - 2 potions of invisibility
 e - a potion of cancellation {unknown}
 i - a potion of degeneration
 l - a potion of flight
 n - a potion of heal wounds {unknown}
Comestibles
 d - 5 rations
 A - 2 chunks of flesh


   Skills:
 - Level 3.0 Fighting
 - Level 2.6 Dodging
 + Level 6.2 Unarmed Combat
 - Level 2.0 Spellcasting
 + Level 6.9 Transmutations


You had one spell level left.
You knew the following spells:

 Your Spells              Type           Power        Failure   Level  Hunger
a - Beastly Appendage     Tmut           ###...       1%          1    ##.....
b - Sticks to Snakes      Tmut           ###.....     2%          2    ###....
c - Spider Form           Tmut/Pois      #.........   21%         3    ####...
d - Tukima's Dance        Hex            #.......     63%         3    ####...

Your spell library contained the following spells:

 Spells                   Type           Power        Failure   Level  Hunger
 Corona                   Hex            #......      26%         1    ##.....
 Ignite Poison            Fire/Tmut/Pois #.......     32%         3    ####...
 Ensorcelled Hibernation  Hex/Ice        #.....       38%         2    ###....
 Sublimation of Blood     Necr           #.........   38%         2    ###....
 Blade Hands              Tmut           ###.......   41%         5    ######.
 Ice Form                 Ice/Tmut       #.......     54%         4    #####..
 Petrify                  Tmut/Erth      #.......     54%         4    #####..
 Confusing Touch          Hex            #.......     63%         3    ####...
 Dazzling Flash           Conj/Hex       #.....       63%         3    ####...
 Alistair's Intoxication  Tmut/Pois      #.......     88%         5    ######.
 Irradiate                Conj/Tmut      #.........   88%         5    ######.
 Eringya's Noxious Bog    Tmut/Pois      #.........   100%        6    #######


Dungeon Overview and Level Annotations

Branches:
Dungeon (5/15)
 Temple: D:4-7

Altars:
Cheibriados
Elyvilon
Fedhas
Makhleb
Uskayaw
The Shining One


Innate Abilities, Weirdness & Mutations

You revert to your normal form in water.
You are very nimble and swift while swimming.
You are very stealthy in the water. (Stealth+)
You have a pair of horns on your head.


Message History

* * * LOW HITPOINT WARNING * * *
Casting: Spider Form (dangerous; 21% risk of failure)
Confirm with . or Enter, or press ? or * to list all spells.
You grow a pair of large bovine horns.
The adder closely misses you. x2
You barely miss the adder. The adder bites you.
* * * LOW HITPOINT WARNING * * *
You miss the adder. Your headbutt misses the adder.
A bullfrog skeleton comes into view.
The adder misses you.
You feel better. The adder barely misses you.
Casting: Beastly Appendage (safe; 1% risk of failure)
Confirm with . or Enter, or press ? or * to list all spells.
You fail to extend your transformation any further.
The adder bites you.
* * * LOW HITPOINT WARNING * * *
You barely miss the adder. The adder misses you.
The bullfrog skeleton hits you!
* * * LOW HITPOINT WARNING * * *
You miss the adder. The adder bites you.
You die...

..............###### ##
>...............##.####)
.
.....................÷.)
..
..................#.....
...
###.............####....
..#...............#
#..... ....#...†....####
#..... ##.###Z)..####
#...... #...()S@.?.##
........ #####)......#
........ #(......#
#...##......
#.....###.... #......#
.... #...)... ...
......... .. ##.?....###


You could see an adder and a bullfrog skeleton.

Vanquished Creatures
  A sky beast (D:5)
  A centaur (D:5)
  A scorpion (D:4)
  A hound (D:3)
  A worker ant (D:4)
  13 adders
  An adder skeleton (D:4)
  3 worms
  4 dart slugs
  A leopard gecko (D:4)
  12 orcs
  10 bats
  4 giant cockroaches
  5 goblins
  8 hobgoblins
  11 jackals
  11 kobolds
  2 quokkas (D:2)
  2 ball pythons
  4 frilled lizards
  A quokka skeleton (D:4)
  9 rats
106 creatures vanquished.

Vanquished Creatures (collateral kills)
  Natasha (D:2)
  An orc (D:5)
  A hobgoblin (D:3)
3 creatures vanquished.

Grand Total: 109 creatures vanquished

Notes
Turn   | Place    | Note
-------+----------+-------------------------------------------
     0 | D:1      | DogServant the Merfolk Transmuter began the quest for the
                  | Orb.
     0 | D:1      | Reached XP level 1. HP: 15/15 MP: 3/3
   125 | D:1      | Reached XP level 2. HP: 21/21 MP: 3/5
   596 | D:1      | Reached XP level 3. HP: 26/26 MP: 6/6
   972 | D:2      | Learned a level 2 spell: Sticks to Snakes
   976 | D:2      | Learned a level 3 spell: Spider Form
  1028 | D:2      | Reached XP level 4. HP: 27/32 MP: 5/7
  1075 | D:2      | Found a hide-covered altar of Uskayaw.
  1375 | D:2      | Found a white marble altar of Elyvilon.
  1574 | D:2      | Found a blossoming altar of Fedhas.
  1640 | D:2      | Noticed Natasha
  1677 | D:2      | Killed Natasha
  1677 | D:2      | Reached XP level 5. HP: 5/38 MP: 3/8
  2038 | D:2      | Found a snail-covered altar of Cheibriados.
  2058 | D:2      | Reached skill level 5 in Transmutations
  2503 | D:3      | Reached skill level 5 in Unarmed Combat
  2855 | D:3      | Found a glowing golden altar of the Shining One.
  2906 | D:3      | Reached XP level 6. HP: 43/46 MP: 7/9
  3324 | D:4      | Learned a level 3 spell: Tukima's Dance
  3720 | D:4      | Found a burning altar of Makhleb.
  4206 | D:5      | Entered Level 5 of the Dungeon
  4206 | D:5      | Noticed a sky beast
  4369 | D:5      | Noticed a sky beast
  4378 | D:5      | Killed a sky beast
  4397 | D:5      | Reached XP level 7. HP: 15/52 MP: 8/10
  4413 | D:5      | Slain by an adder

Illustrated notes

Levels and vault maps discovered:
D:1:      minmay_arrival_stone_box, layout_basic
D:2:      layout_rooms, elyvilon_altar_1, kennysheep_slug_shrine,
          fedhas_altar_3, eat_drink_and_be_merry_uskayaw, first_ration,
          uniq_natasha
D:3:      layout_loops_ring, lemuel_doored_altar
D:4:      layout_loops_cross, bloody_makhleb
D:5:      layout_cave_pools, minmay_temple_entry_offerings, serial_shops,
          shop_statue, uniq_eustachio, uniq_menkaure

Skill      XL: |  1  2  3  4  5  6 |
---------------+-------------------+-----
Transmutations | 3 4 5 6 |  6.9
Unarmed Combat | 4 5 6 |  6.2
Fighting       | 2 3 |  3.0
Dodging        | |  2.6
Spellcasting   | |  2.0

Action                   |  1- 3 |  4- 6 |  7- 9 || total
-------------------------+-------+-------+-------++-------
Melee: Unarmed           |   105 |   231 |    10 ||   346
       Headbutt          |    13 |    30 |       ||    43
       Punch             |       |     3 |       ||     3
 Cast: Beastly Appendage |    21 |    34 |     2 ||    57
       Sticks to Snakes  |       |     9 |       ||     9
       Spider Form       |       |     3 |       ||     3
  Use: Scroll            |       |     5 |       ||     5
       Potion            |       |       |     1 ||     1
 Stab: Sleeping          |     1 |     1 |       ||     2
  Eat: Chunk             |     1 |    10 |       ||    11
       Ration            |       |     1 |       ||     1
Armor: Robe              |    33 |    28 |       ||    61
Dodge: Dodged            |   106 |   160 |     8 ||   274
